 Dungeon Crawl Stone Soup version 0.18.1-50-g88ac8fd (webtiles) character file.

50 Hawkwind the Covered (level 3, -1/23 HPs)
             Began as a Gargoyle Fighter on May 25, 2019.
             Was an Initiate of Okawaru.
             Slain by an ogre
             ... wielding a +0 giant club
              (19 damage)
             ... on level 5 of the Dungeon.
             The game lasted 00:04:01 (855 turns).

Hawkwind the Covered (Gargoyle Fighter)              Turns: 855, Time: 00:04:02

Health: -1/23      AC: 10    Str: 20    XL:     3   Next: 79%
Magic:  3/3        EV:  1    Int:  8    God:    Okawaru [......]
Gold:   39         SH:  9    Dex:  9    Spells: 0 memorised, 2 levels left

rFire  + . .     SeeInvis .     a - +0 trident
rCold  . . .     Gourm    .     b - +0 scale mail
rNeg   + . .     Faith    .     c - +0 shield
rPois  ∞         Spirit   .     (no helmet)
rElec  +         Dismiss  .     (no cloak)
rCorr  .         Reflect  .     (no gloves)
SustAt .         Harm     .     (no boots)
MR     .....                    (no amulet)
Stlth  ..........               l - -6 ring of evasion (curse)
                                e - ring of protection from fire

@: not resistant to hostile enchantments, extremely unstealthy
A: negative energy resistance 1, electricity resistance, unbreathing,
petrification resistance, rot immunity, AC +3
a: Renounce Religion


You were on level 5 of the Dungeon.
You worshipped Okawaru.
Okawaru was noncommittal.
You were not hungry.

You visited 2 branches of the dungeon, and saw 7 of its levels.

You collected 39 gold pieces.

Inventory:

Hand Weapons
 a - a +0 trident (weapon)
Armour
 b - a +0 scale mail (worn)
 c - a +0 shield (worn)
Jewellery
 e - a ring of protection from fire (left hand)
 l - a cursed -6 ring of evasion (right hand)
Wands
 n - a wand of disintegration (9/24)
Scrolls
 g - a scroll of remove curse {unknown}
 j - 2 scrolls of identify {unknown}
 m - a scroll of amnesia {unknown}
Potions
 d - a potion of might
 h - a potion of flight {unknown}
 i - a potion of invisibility {unknown}
Comestibles
 f - a bread ration
 k - a beef jerky


   Skills:
 + Level 3.5 Fighting
 + Level 2.0 Polearms
 + Level 3.8 Armour
 + Level 1.0 Dodging
 + Level 3.8 Shields


You had 2 spell levels left.
You didn't know any spells.

Dungeon Overview and Level Annotations

Branches:
Dungeon (6/15)             Temple (1/1) D:6

Altars:
Okawaru
Vehumet
Xom
Yredelemnul
Zin

Annotations:
D:5 Grinder
D:6 Hawkwind's ghost, amateur GrFi


Innate Abilities, Weirdness & Mutations

You are resistant to torment.
Your stone body is resilient (AC +3).
You are immune to poison.
You resist negative energy.
You are resistant to electric shocks.
You can survive without breathing.
You are immune to petrification.
You are immune to rotting.


Message History

Hawkwind's ghost says, "I am made of steel!"
You block Hawkwind's ghost's attack.
There is a stone staircase leading up here.
You block Hawkwind's ghost's attack.
You climb upwards.
Level annotation: Grinder You block the ogre's attack.
There is a stone staircase leading down here.
Grinder gestures at you. You resist with significant effort.
Grinder gestures at you. You resist with significant effort.
Grinder blinks!
You open the door. Grinder gestures at you. Pain shoots through your body!
There is an open door here.
The ogre hits you with a giant club!!
Ouch! That really hurt!
You die...

##### ######### ...#
#........
###.##########.#######
#...O@................
#.#5##########.#######
##+#'## #....# #.....#
#.#..# #.....# #.#..#
#.....# #.#.[# #.....#
#.#..# #.....# #.#..#
#.....######.#...


You could see Grinder and an ogre.

Vanquished Creatures
  A hound (D:4)
  An adder (D:2)
  A dart slug (D:1)
  2 jackals (D:2)
  A kobold (D:2)
  A bat (D:2)
  3 goblins (D:2)
  A rat (D:1)
11 creatures vanquished.

Notes
Turn   | Place    | Note
--------------------------------------------------------------
     0 | D:1      | Hawkwind the Gargoyle Fighter began the quest for the Orb.
     0 | D:1      | Reached XP level 1. HP: 14/14 MP: 1/1
   181 | D:2      | Reached XP level 2. HP: 12/19 MP: 2/2
   393 | D:4      | Reached skill level 1 in Dodging
   393 | D:4      | Reached XP level 3. HP: 9/23 MP: 3/3
   412 | D:5      | Entered Level 5 of the Dungeon
   687 | D:5      | Noticed Grinder
   689 | D:5      | Noticed an ogre
   748 | D:6      | Noticed Hawkwind's ghost (amateur GrFi)
   753 | D:6      | Found a staircase to the Ecumenical Temple.
   762 | Temple   | Entered the Ecumenical Temple
   796 | Temple   | Became a worshipper of Warmaster Okawaru
   855 | D:5      | Slain by an ogre

Skill      XL: |  1  2 |
---------------+-------+-----
Polearms       | 2 |  2.0
Dodging        | 1 |  1.0
Fighting       | |  3.5
Armour         | |  3.8
Shields        | |  3.8

Action                   || total
-------------------------++-------
Melee: Trident           ||    59
Armor: Scale mail        ||    91
Dodge: Dodged            ||    45
Block: Shield            ||    73
